[Event "Early-Titled-Tuesday-Blitz-October-03-2023"]
[Site "Chess.com"]
[Date "2023.10.03"]
[Round "4"]
[White "vladoboch"]
[Black "goldihouse"]
[Result "0-1"]
[WhiteElo "2413"]
[BlackElo "2609"]
[TimeControl "180+1"]
[EndTime "8:38:26 PDT"]
[Termination "goldihouse won by resignation"]

1. e4 e6 2. d4 d5 3. e5 c5 4. c3 Nc6 5. Nf3 Bd7 6. Bd3 Rc8 7. O-O cxd4 8. a3 dxc3 9. Nxc3 h6 10. b4 Nge7 11. Bb2 Ng6 12. Re1 Nf4 13. Bc2 g6 14. g3 Nh5 15. Nxd5 Bg7 16. Nc3 O-O 17. Ne4 Ne7 18. Nf6+ Bxf6 19. exf6 Nd5 20. Qd2 Kh7 21. Bc1 Rh8 22. Ne5 Qxf6 23. Nxd7 Qxa1 24. Bb2 Rxc2 25.
Qxc2 Qxe1+ 26. Kg2 Rd8 27. Ne5 Ne3+ 28. fxe3 Rd2+ 0-1

[Event "Early-Titled-Tuesday-Blitz-October-03-2023"]
[Site "Chess.com"]
[Date "2023.10.03"]
[Round "4"]
[White "HanSchut"]
[Black "TokChess"]
[Result "0-1"]
[WhiteElo "2322"]
[BlackElo "2502"]
[TimeControl "180+1"]
[EndTime "8:38:28 PDT"]
[Termination "TokChess won by resignation"]

1. e4 e5 2. Nf3 Nc6 3. Bc4 Nf6 4.
d4 exd4 5. e5 Ne4 6. Qe2 Nc5 7.
c3 d3 8. Qe3 Ne6 9. O-O Be7 10.
Rd1 O-O 11. Bxd3 d5 12. exd6 Bxd6 13. Bc2 Qf6 14. Qe4 g6 15. Bh6 Re8 16. Bg5 Qg7 17. Nbd2 Bd7 18. Qh4 Nxg5 19. Nxg5 Be7 20. Nde4 Bf5 21.
Bb3 Bxe4 22. Bxf7+ Qxf7 23. Nxf7 Bxh4 24. Nh6+ Kg7 25. Ng4 Rad8 0-1

[Event "Early-Titled-Tuesday-Blitz-October-03-2023"]
[Site "Chess.com"]
[Date "2023.10.03"]
[Round "4"]
[White "Nekoo04"]
[Black "Maus7"]
[Result "1-0"]
[WhiteElo "2307"]
[BlackElo "2464"]
[TimeControl "180+1"]
[EndTime "8:38:30 PDT"]
[Termination "Nekoo04 won by checkmate"]

1. d4 Nf6 2. c4 e6 3. g3 d5 4. Nf3 Be7 5. Bg2 O-O 6. O-O dxc4 7.
Qc2 b5 8. a4 Bb7 9. axb5 a6 10.
bxa6 Nxa6 11. Na3 c5 12. dxc5 Nxc5 13. Bg5 Bd5 14. Nxc4 h6 15. Bxf6 Bxf6 16. Rxa8 Qxa8 17. Nb6 Qa5 18. Nxd5 exd5 19. Rd1 Na4 20. Nd4 Qb4 21. e3 Qxb2 22. Qxa4 Bxd4 23. Rxd4 Qc1+ 24. Qd1 Qxe3 25. fxe3 f5 26. Bxd5+ Kh7 27. Qh5 g5 28. Be6 Rf6 29. Rd7+ Kh8 30. Qe8+ Rf8 31. Qxf8# 1-0

[Event "Early-Titled-Tuesday-Blitz-October-03-2023"]
[Site "Chess.com"]
[Date "2023.10.03"]
[Round "4"]
[White "KuzubovYuriy"]
[Black "Ermito2020"]
[Result "0-1"]
[WhiteElo "2872"]
[BlackElo "2616"]
[TimeControl "180+1"]
[EndTime "8:38:32 PDT"]
[Termination "Ermito2020 won on time"]

1. d4 Nf6 2. Nf3 g6 3. Nbd2 d5 4. Nb3 Bg7 5. h3 O-O 6. Bf4 Ne4 7. c3 c5 8. dxc5 Na6 9. Be3 e5 10. Nfd2 Nxd2 11. Qxd2 Be6 12. g3 d4 13. cxd4 Bxb3 14.
axb3 exd4 15. Bg5 Qd5 16. Rg1 Nxc5 17. Bg2 Qe6 18. Ra5 Nxb3 19. Bd5 Qb6 20. Bxb3 Qxb3 21. Kf1 b6 22. Ra3 Qd5 23. Rf3 Rfe8 24. Kg2 Re4 25. Bh6 Bxh6 26. Qxh6 Rxe2 0-1

[Event "Early-Titled-Tuesday-Blitz-October-03-2023"]
[Site "Chess.com"]
[Date "2023.10.03"]
[Round "4"]
[White "santosalberto1987"]
[Black "AdvanceGuard4"]
[Result "0-1"]
[WhiteElo "2481"]
[BlackElo "2652"]
[TimeControl "180+1"]
[EndTime "8:38:32 PDT"]
[Termination "AdvanceGuard4 won by resignation"]

1. e4 c6 2. c4 d5 3. exd5 cxd5 4. cxd5 Nf6 5. Qa4+ Nbd7 6. Nc3 g6 7. Bc4 Bg7 8. Nf3 O-O 9. d3 a6 10. Qa3 b6 11. O-O Bb7 12. Re1 Re8 13. h3 Rc8 14.
Be3 b5 15. Bb3 Nb6 16. d6 e6 17. Qb4 Bxf3 18. gxf3 Bf8 19. Ne4 Nxe4 20. fxe4 Bxd6 21.
Qd4 Bc5 22. Qxd8 Rexd8 23. Bxc5 Rxc5 24. Red1 e5 25. Kf1 Kg7 26. Ke2 a5 27. Rac1 Rdc8 28. Rxc5 Rxc5 29. a3 Nd7 30. Kd2 Nf6 31. Rc1 Rxc1 32.
Kxc1 Nh5 33. Bd5 Nf4 34. Bc6 Nxd3+ 35. Kd2 Nxf2 36. Ke2 Nxh3 37. Bxb5 f5 38. Bc6 Kf6 39. b4 axb4 40. axb4 Nf4+ 41. Kf3 Ne6 42. Bd5 Nd4+ 43.
Ke3 f4+ 44. Kd3 h5 45. Bc4 h4 46. b5 h3 47. b6 Nc6 0-1

[Event "Early-Titled-Tuesday-Blitz-October-03-2023"]
[Site "Chess.com"]
[Date "2023.10.03"]
[Round "4"]
[White "NaciSAN"]
[Black "Xqswdc"]
[Result "0-1"]
[WhiteElo "2122"]
[BlackElo "2308"]
[TimeControl "180+1"]
[EndTime "8:38:32 PDT"]
[Termination "Xqswdc won on time"]

1. e4 g6 2. d4 Bg7 3. Nc3 c6 4. Nf3 d5 5. h3 dxe4 6. Nxe4 Nd7 7. Bd3 Ngf6 8. O-O O-O 9. Re1 Nxe4 10. Bxe4 Nf6 11.
Bd3 Be6 12. c4 Qa5 13. Bd2 Qh5 14. Bc3 Rfd8 15. Qe2 Bf8 16. Rad1 Bf5 17. Bxf5 Qxf5 18. Qe5 Qxe5 19. dxe5 Ne8 20. Ba5 b6 21. Bd2 Nc7 22. Be3 Ne6 23. Nd4 Nxd4 24. Bxd4 e6 25. Be3 Bb4 26. Rf1 Kf8 27. f4 Ke8 28. Kf2 Bc5 29. Bxc5 bxc5 30. Ke3 Ke7 31. g4 a5 32. Rd3 Rxd3+ 33.
Kxd3 Rd8+ 34. Kc3 Rd4 35. b3 f6 36. exf6+ Kxf6 37. a3 Re4 38. Kd3 Rd4+ 39. Ke3 h5 40. gxh5 gxh5 41. Rg1 Rd7 42. Rg8 Rb7 43. Ke4 Rxb3 44.
Rh8 Rc3 45. Rh6+ Ke7 46. Rxh5 Rxa3 47. Rh7+ Kd6 48. h4 Rh3 49. h5 a4 0-1

[Event "Early-Titled-Tuesday-Blitz-October-03-2023"]
[Site "Chess.com"]
[Date "2023.10.03"]
[Round "4"]
[White "Mystery2007"]
[Black "meoluoi91"]
[Result "1-0"]
[WhiteElo "2483"]
[BlackElo "2624"]
[TimeControl "180+1"]
[EndTime "8:38:33 PDT"]
[Termination "Mystery2007 won by resignation"]

1. e4 c6 2. d4 d5 3. e5 g6 4. Nf3 Bg7 5. Be2 Bg4 6. Nbd2 Nh6 7. h3 Bf5 8. Nf1 Be4 9. Ng3 Bxf3 10. Bxf3 e6 11.
O-O Nf5 12. Nxf5 gxf5 13. Bh5 Qh4 14. f4 Bh6 15. Bd2 Rg8 16. Kh1 Qg3 17. Qf3 Qxf3 18.
Bxf3 Nd7 19. g4 fxg4 20. hxg4 O-O-O 21. Rf2 Bf8 22. Rh2 c5 23. c3 Rg7 24. Rg1 Nb6 25.
b3 cxd4 26. cxd4 Ba3 27. f5 Bb2 28. Bh6 Rgg8 29. Rxb2 Kb8 30. Rc2 1-0

[Event "Early-Titled-Tuesday-Blitz-October-03-2023"]
[Site "Chess.com"]
[Date "2023.10.03"]
[Round "4"]
[White "ljuks68"]
[Black "GradualismUnleashed"]
[Result "0-1"]
[WhiteElo "2437"]
[BlackElo "2624"]
[TimeControl "180+1"]
[EndTime "8:38:33 PDT"]
[Termination "GradualismUnleashed won by resignation"]

1. e4 c5 2. Nf3 e6 3. d4 cxd4 4.
Nxd4 Nc6 5. Nc3 Qc7 6. Be3 a6 7. Qd2 Nf6 8. f3 Be7 9. O-O-O b5 10. g4 Nxd4 11. Qxd4 Bb7 12. h4 Rc8 13. Qb6 d5 14.
Qxc7 Rxc7 15. e5 Nd7 16. Bd4 h5 17. g5 g6 18. Kb1 b4 19. Ne2 Bc6 20. Nf4 Bb5 21. Bh3 Bc5 22. Bxe6 fxe6 23. Nxe6 Rc8 24. Nf4 Rf8 25. Nxg6 Rxf3 26. e6 Nb6 27. e7 Bxd4 28. Rxd4 Rc4 29. Rd3 Rf2 30. Rc1 Rcxc2 31. Rb3 Bd3 32.
Rxd3 Rxb2+ 0-1

[Event "Early-Titled-Tuesday-Blitz-October-03-2023"]
[Site "Chess.com"]
[Date "2023.10.03"]
[Round "4"]
[White "Mysterio47"]
[Black "crazy_m_attack"]
[Result "1-0"]
[WhiteElo "2716"]
[BlackElo "2402"]
[TimeControl "180+1"]
[EndTime "8:38:33 PDT"]
[Termination "Mysterio47 won by resignation"]

1. e4 e5 2. Nf3 Nc6 3. Bb5 a6 4. Ba4 Nf6 5. O-O Be7 6. Re1 b5 7. Bb3 O-O 8. a4 Rb8 9. axb5 axb5 10. c3 d6 11. d4 exd4 12. cxd4 d5 13. e5 Ne4 14.
Nc3 Nxc3 15. bxc3 Bf5 16. h3 Qd7 17. Bf4 Nd8 18. Bg5 c6 19. Bxe7 Qxe7 20. Ra6 Qd7 21.
Nh4 Bg6 22. Qg4 Qxg4 23. hxg4 Bd3 24. Re3 Be4 25. f3 Bg6 26. Nf5 Re8 27. Nd6 Re7 28. f4 h5 29. f5 Bh7 30. gxh5 Nb7 31. Rb6 Rc7 32. g4 f6 33. e6 Re7 34. Rxb7 Rbxb7 35. Nxb7 Rxb7 36. e7 1-0

[Event "Early-Titled-Tuesday-Blitz-October-03-2023"]
[Site "Chess.com"]
[Date "2023.10.03"]
[Round "4"]
[White "Taran2004"]
[Black "Dewarfd"]
[Result "0-1"]
[WhiteElo "2415"]
[BlackElo "2146"]
[TimeControl "180+1"]
[EndTime "8:38:33 PDT"]
[Termination "Dewarfd won by resignation"]

1. e4 e5 2. Nf3 Nc6 3. d4 exd4 4.
Nxd4 Nf6 5. Nxc6 bxc6 6. e5 Qe7 7. Qe2 Nd5 8. h4 Qb4+ 9. c3 Qe7 10. Bg5 f6 11. exf6 Qxe2+ 12. Bxe2 gxf6 13. Bd2 Rg8 14. g3 Bb7 15. Bf3 O-O-O 16. O-O Bc5 17. Kg2 f5 18. c4 Nf6 19. Nc3 Rde8 20. Bg5 Ne4 21. Nxe4 fxe4 22. Bh5 Ref8 23. Rfd1 Rxf2+ 24. Kh3 d6 25. a3 a5 26. b4 Bb6 27. bxa5 Bxa5 28. Be3 Rb2 29. Bg4+ Kb8 30. Rab1 Rxb1 31. Rxb1 Ka8 32. Rf1 Bc3 33. Rf7 Kb8 34. Rxh7 Be5 35. Bg5 e3 36.
Be6 Re8 37. Bf7 Re7 38. Bxe7 e2 0-1

[Event "Early-Titled-Tuesday-Blitz-October-03-2023"]
[Site "Chess.com"]
[Date "2023.10.03"]
[Round "4"]
[White "KorolDimitriy75"]
[Black "Kildepiotr"]
[Result "0-1"]
[WhiteElo "2391"]
[BlackElo "2637"]
[TimeControl "180+1"]
[EndTime "8:38:36 PDT"]
[Termination "Kildepiotr won on time"]

1. d4 c5 2. d5 e5 3. c4 d6 4. Nc3 Be7 5. e4 Bg5 6. Nge2 Bxc1 7. Rxc1 Ne7 8. g3 O-O 9. Bg2 Nd7 10. O-O f5 11. f4 a6 12. a4 Qe8 13. Qd2 Kh8 14.
Rce1 Qh5 15. exf5 Nxf5 16. Ne4 Qh6 17. Qc3 Nd4 18. Nxd4 exd4 19. Qd2 Nb6 20. b3 Bf5 21. a5 Nd7 22. Ng5 Nf6 23. Re7 Ng4 24. h4 Ne3 25. Re1 Qf6 26. R1xe3 dxe3 27. Qxe3 h6 28.
Nf3 Bg4 29. Rxb7 Rae8 30. Qf2 Qa1+ 31. Kh2 Qxa5 32. Rd7 Bxd7 0-1

[Event "Early-Titled-Tuesday-Blitz-October-03-2023"]
[Site "Chess.com"]
[Date "2023.10.03"]
[Round "4"]
[White "lrestevez"]
[Black "MajorCoast"]
[Result "1-0"]
[WhiteElo "2120"]
[BlackElo "2254"]
[TimeControl "180+1"]
[EndTime "8:38:36 PDT"]
[Termination "lrestevez won by resignation"]

1. e4 c6 2. Nc3 d5 3. Nf3 dxe4 4. Nxe4 Nf6 5. Nxf6+ exf6 6. d4 Bd6 7. Bd3 O-O 8. O-O Bg4 9. h3 Bh5 10. c3 Re8 11.
Be3 Nd7 12. g4 Bg6 13. Bxg6 hxg6 14. Qd2 Nf8 15. Rfe1 Qc7 16. Rad1 Ne6 17. d5 Nf4 18. Bxf4 Bxf4 19. Qd3 cxd5 20. Qxd5 Rxe1+ 21. Rxe1 Rd8 22. Qe4 Bg3 23. Kg2 Bd6 24. Nd4 Bc5 25. Nf3 Qb6 26. Re2 a6 27. Qc4 Qd6 28. Rd2 Qxd2 29. Nxd2 Rxd2 30. Qxc5 Rxb2 31. Qc8+ Kh7 32. Qd7 Rxa2 33. Qxb7 Rc2 34. Qb3 Rc1 35. Qb2 Re1 36. c4 Re6 37.
c5 g5 38. Qb7 a5 39. c6 a4 40.
c7 Re7 41. c8=Q 1-0

[Event "Early-Titled-Tuesday-Blitz-October-03-2023"]
[Site "Chess.com"]
[Date "2023.10.03"]
[Round "4"]
[White "Murad_Ibrahimli"]
[Black "hurricane7791"]
[Result "1/2-1/2"]
[WhiteElo "2917"]
[BlackElo "2706"]
[TimeControl "180+1"]
[EndTime "8:38:37 PDT"]
[Termination "Game drawn by repetition"]

1. c4 c5 2. Nc3 Nc6 3. Nf3 g6 4. g3 Bg7 5. Bg2 d6 6. d3 e6 7. Qd2 Qd7 8. b3 b6 9. Bb2 Bb7 10. O-O Nge7 11. Ne4 e5 12. e3 d5 13. cxd5 Nxd5 14. Rfd1 f5 15. Nc3 Nxc3 16. Bxc3 O-O 17. Qb2 Rfe8 18. a3 a5 19. Nd2 Rad8 20. Nc4 Qc7 21.
a4 Nb4 22. Bxb7 Qxb7 23. Bxb4 axb4 24. Rac1 e4 25. Qe2 b5 26. axb5 Qxb5 27. dxe4 fxe4 28. Rxd8 Rxd8 29. Rd1 Qe8 30. Qc2 Rxd1+ 31. Qxd1 Qe6 32.
Qd8+ Bf8 33. Kg2 h5 34. h3 Kf7 35. Qc7+ Be7 36. Qf4+ Kg7 37. g4 hxg4 38. hxg4 Bf6 39.
Qc7+ Be7 40. Kg3 Kf6 41. Kh3 Kg7 42. Qe5+ Qxe5 43. Nxe5 Kf6 44. Nc4 Bd8 45. f4 exf3 46.
Kg3 Ke6 47. Kxf3 Kd5 48. Kf4 Bf6 49. Kf3 Bd8 50. Kf4 Bf6 51. Kf3 Bd8 1/2-1/2

[Event "Early-Titled-Tuesday-Blitz-October-03-2023"]
[Site "Chess.com"]
[Date "2023.10.03"]
[Round "4"]
[White "kingapolak"]
[Black "Predator0608"]
[Result "0-1"]
[WhiteElo "1735"]
[BlackElo "2482"]
[TimeControl "180+1"]
[EndTime "8:38:38 PDT"]
[Termination "Predator0608 won by checkmate"]

1. e4 c5 2. Nf3 d6 3. Nc3 Nf6 4. d4 cxd4 5. Nxd4 a6 6. f3 e5 7.
Nb3 Be6 8. Be3 Be7 9. Qd2 Nbd7 10. g4 O-O 11. O-O-O b5 12. g5 b4 13. Ne2 Ne8 14. Ng3 a5 15. Kb1 a4 16. Nc1 b3 17. cxb3 axb3 18. a3 f6 19. h4 Qc7 20. f4 exf4 21.
Bxf4 Ne5 22. Bxe5 fxe5 23. Bh3 Bxh3 24. Rxh3 Rc8 25. Nxb3 Rf3 26. Nc1 Qd7 27. Qg2 Qg4 28. Rg1 Rb8 29. Rh2 d5 30. Ka2 dxe4 31. Nge2 Qe6+ 32.
b3 Bxa3 33. Kxa3 Rfxb3+ 34. Nxb3 Qxb3# 0-1

[Event "Early-Titled-Tuesday-Blitz-October-03-2023"]
[Site "Chess.com"]
[Date "2023.10.03"]
[Round "4"]
[White "TatjanaVasilevich"]
[Black "abc_xyz4744"]
[Result "1-0"]
[WhiteElo "2588"]
[BlackElo "2408"]
[TimeControl "180+1"]
[EndTime "8:38:40 PDT"]
[Termination "TatjanaVasilevich won by checkmate"]

1. Nf3 d5 2. b3 Nf6 3. Bb2 c6 4. g3 Bf5 5. Bg2 h6 6. c4 e6 7. O-O e5 8. Nxe5 Bd6 9. d3 O-O 10.
Nf3 Re8 11. Nc3 Qe7 12. Re1 Nbd7 13. e4 dxe4 14. dxe4 Bg4 15. h3 Bh5 16. Qd2 Rad8 17. Rad1 Ne5 18. Qe2 Qe6 19. g4 Bg6 20. Nd4 Qc8 21. f4 Bc5 22. Na4 Ned7 23. e5 Kh8 24. Qf2 Ng8 25. f5 Bh7 26. Nxc5 Nxc5 27. Ba3 b6 28.
Nxc6 Rxd1 29. Rxd1 Ne7 30. Nxe7 Rxe7 31. Bb2 Rd7 32.
Bd5 Bg8 33. Qf4 Qc7 34. f6 Ne6 35. fxg7+ Kxg7 36. Qf6+ Kh7 37. Be4# 1-0

[Event "Early-Titled-Tuesday-Blitz-October-03-2023"]
[Site "Chess.com"]
[Date "2023.10.03"]
[Round "4"]
[White "Alexchess1984"]
[Black "NovikovaGalina"]
[Result "1-0"]
[WhiteElo "2711"]
[BlackElo "2400"]
[TimeControl "180+1"]
[EndTime "8:38:40 PDT"]
[Termination "Alexchess1984 won by resignation"]

1. e4 e5 2. d4 exd4 3. Qxd4 Nc6 4. Qd3 d6 5. Nc3 Nf6 6. Bf4 Be7 7. O-O-O O-O 8. f3 a6 9. g4 Nd7 10. h4 Nde5 11. Qd2 b5 12. h5 b4 13. Nd5 a5 14.
h6 g6 15. Kb1 Be6 16. Bb5 a4 17. Bxc6 Nxc6 18. Nxe7+ Qxe7 19. Ne2 b3 20. cxb3 a3 21. bxa3 Rxa3 22. Qb2 Ne5 23. Qxa3 Nxf3 24. Qb2 f6 25. Nd4 Bxg4 26. Rhf1 Ne5 27. Bxe5 dxe5 28. Nc6 Qc5 29. Qc2 Qe3 30. Qc4+ Kh8 31. Nxe5 Bxd1 32. Qxc7 Qxe4+ 33. Kc1 Qe3+ 34. Kxd1 Qd4+ 35. Kc1 Qa1+ 36. Kd2 Qxa2+ 37.
Kc3 1-0

[Event "Early-Titled-Tuesday-Blitz-October-03-2023"]
[Site "Chess.com"]
[Date "2023.10.03"]
[Round "4"]
[White "SashaKuzhilniy"]
[Black "pasteta13"]
[Result "1-0"]
[WhiteElo "2614"]
[BlackElo "2422"]
[TimeControl "180+1"]
[EndTime "8:38:41 PDT"]
[Termination "SashaKuzhilniy won by resignation"]

1. b3 Nf6 2. Bb2 e6 3. Nf3 d5 4.
e3 c5 5. c4 Nc6 6. cxd5 exd5 7. d4 cxd4 8. Nxd4 Bb4+ 9. Bc3 Qa5 10. Bxb4 Qxb4+ 11. Qd2 Nxd4 12. exd4 a5 13. Bd3 O-O 14.
O-O Ne4 15. Bxe4 dxe4 16. Nc3 Rd8 17. Rad1 Bf5 18. Rfe1 Rac8 19. Re3 Bg4 20. f3 exf3 21. gxf3 Bf5 22. Ne4 Qe7 23. Ng3 Be6 24. Qxa5 Rd5 25. Qxd5 1-0

[Event "Early-Titled-Tuesday-Blitz-October-03-2023"]
[Site "Chess.com"]
[Date "2023.10.03"]
[Round "4"]
[White "UNSTOPPABLE_LEGEND"]
[Black "Mackster23"]
[Result "1/2-1/2"]
[WhiteElo "2449"]
[BlackElo "2620"]
[TimeControl "180+1"]
[EndTime "8:38:42 PDT"]
[Termination "Game drawn by repetition"]

1. d4 Nf6 2. c4 g6 3. Nc3 Bg7 4. e4 O-O 5. h3 d6 6. Be3 e5 7. d5 a5 8. g4 Na6 9. Nge2 Nc5 10. Ng3 Nfd7 11. Qd2 Nb6 12. O-O-O a4 13. Be2 f6 14. h4 Rf7 15. Rdg1 Qf8 16. f4 exf4 17. Bxf4 a3 18. b3 Bd7 19. h5 Re8 20. Bf3 Rfe7 21.
hxg6 hxg6 22. Qh2 Nd3+ 23. Kd2 Nxf4 24. Nf5 Bxf5 25. gxf5 g5 26. Qh7+ Kf7 27. Bh5+ Nxh5 28. Qxh5+ Kg8 29. Qh7+ Kf7 30. Qg6+ Kg8 31. Qh7+ Kf7 32.
Qg6+ Kg8 33. Qh7+ 1/2-1/2

[Event "Early-Titled-Tuesday-Blitz-October-03-2023"]
[Site "Chess.com"]
[Date "2023.10.03"]
[Round "4"]
[White "erugee"]
[Black "andrzej"]
[Result "0-1"]
[WhiteElo "2260"]
[BlackElo "2471"]
[TimeControl "180+1"]
[EndTime "8:38:42 PDT"]
[Termination "andrzej won by checkmate"]

1. e4 e5 2. Nf3 Nf6 3. Nxe5 d6 4. Nf3 Nxe4 5. Nc3 Nxc3 6. dxc3 Be7 7. Be3 Nd7 8. Qd2 Ne5 9. Be2 O-O 10. O-O-O Ng4 11. Kb1 Nxe3 12. Qxe3 Re8 13. Qd2 Bf6 14. h3 b5 15. g4 g6 16. Rhg1 Rb8 17. h4 b4 18. c4 a5 19. h5 a4 20. hxg6 hxg6 21. g5 Bg7 22. c5 Bc3 23. Qd3 Bf5 24.
Qc4 Re4 25. Nd4 d5 26. Nc6 Qe8 27. Qxd5 Rxe2 28. Nxb8 Bxc2+ 29. Kc1 Bxb2+ 30. Kxb2 Be4+ 31. Qd2 Qe5+ 32. Kc1 Qa1# 0-1

[Event "Early-Titled-Tuesday-Blitz-October-03-2023"]
[Site "Chess.com"]
[Date "2023.10.03"]
[Round "4"]
[White "knightinshiningarmour16"]
[Black "jasonbolivar"]
[Result "1-0"]
[WhiteElo "2109"]
[BlackElo "2242"]
[TimeControl "180+1"]
[EndTime "8:38:43 PDT"]
[Termination "knightinshiningarmour16 won on time"]

1. d4 Nf6 2. Nf3 d5 3. Bf4 e6 4. e3 Bd6 5. Be5 O-O 6. Bd3 c5 7. c3 Nc6 8. Qc2 c4 9. Be2 Bxe5 10. dxe5 Ng4 11. O-O Ngxe5 12. e4 Nxf3+ 13. Bxf3 d4 14. cxd4 Nxd4 15. Qxc4 Nxf3+ 16. gxf3 e5 17. Nc3 Bh3 18. Kh1 Bxf1 19. Rxf1 Qh4 20. Qe2 f5 21. Nd5 Kh8 22. exf5 Rxf5 23. Ne3 Rf7 24. Ng4 Raf8 25. Nxe5 Rf5 26.
Nd3 Rxf3 27. Rg1 h6 28. Ne5 Kg8 29. Nxf3 1-0

[Event "Early-Titled-Tuesday-Blitz-October-03-2023"]
[Site "Chess.com"]
[Date "2023.10.03"]
[Round "4"]
[White "DenLaz"]
[Black "Alexei_Gubajdullin"]
[Result "1-0"]
[WhiteElo "3064"]
[BlackElo "2739"]
[TimeControl "180+1"]
[EndTime "8:38:47 PDT"]
[Termination "DenLaz won on time"]

1. d4 Nf6 2. c4 g6 3. Nc3 Bg7 4. e4 d6 5. h3 O-O 6. Be3 Na6 7. g4 c5 8. Nge2 e5 9. d5 h5 10.
f3 h4 11. Bg5 Qb6 12. Qd2 Qb4 13. Nc1 Bd7 14. Bxh4 Nc7 15. Bf2 a6 16. h4 b5 17.
h5 gxh5 18. gxh5 Kh7 19. h6 Bh8 20. a3 Qa5 21. Nd1 Qxd2+ 22. Kxd2 bxc4 23. Ne3 Nb5 24. Nxc4 Ne8 25. Nb6 Ra7 26. Nxd7 Rxd7 27. Bh3 1-0

[Event "Early-Titled-Tuesday-Blitz-October-03-2023"]
[Site "Chess.com"]
[Date "2023.10.03"]
[Round "4"]
[White "Oleksandr_Bortnyk"]
[Black "isaak2009"]
[Result "1-0"]
[WhiteElo "3002"]
[BlackElo "2553"]
[TimeControl "180+1"]
[EndTime "8:38:47 PDT"]
[Termination "Oleksandr_Bortnyk won on time"]

1. e4 c6 2. c4 d5 3. cxd5 cxd5 4. exd5 Nf6 5. Qa4+ Nbd7 6. Nc3 g6 7. Bc4 Bg7 8.
Nf3 O-O 9. d3 a6 10. Qa3 b6 11.
O-O Bb7 12. Re1 b5 13. Bb3 Re8 14. Be3 Nb6 15. Bxb6 Qxb6 16. Qb4 Rad8 17. Rxe7 Bf8 18. Rxe8 Rxe8 19. Qf4 Bd6 20. Qg5 Kg7 21. Re1 h6 22. Qd2 Rd8 23. Ne4 Bb8 24. Qc3 b4 25. Qxf6+ Qxf6 26. Nxf6 Kxf6 27. Nd2 Bxd5 28. Bxd5 Rxd5 29. Re3 Ba7 30.
Rf3+ Ke6 31. Nc4 Bd4 32. Kf1 f5 33. h4 a5 34. Rg3 Kf6 35. f4 1-0

[Event "Early-Titled-Tuesday-Blitz-October-03-2023"]
[Site "Chess.com"]
[Date "2023.10.03"]
[Round "4"]
[White "ChainedDowntohell"]
[Black "Ariadna_Atreides"]
[Result "1-0"]
[WhiteElo "2432"]
[BlackElo "2197"]
[TimeControl "180+1"]
[EndTime "8:38:48 PDT"]
[Termination "ChainedDowntohell won on time"]

1. d4 Nf6 2. Nf3 e6 3. c4 Bb4+ 4. Bd2 Bxd2+ 5. Nbxd2 c5 6. g3 Nc6 7. dxc5 Qa5 8. a3 Qxc5 9. b4 Qh5 10. Bg2 d5 11.
O-O O-O 12. e3 Rd8 13. Qb3 e5 14. cxd5 Nxd5 15. Rfd1 Be6 16. Qb2 a6 17. Rdc1 Rac8 18.
Ne4 Bg4 19. Nfd2 Bh3 20. Bf3 Bg4 21. Bg2 Bh3 22. Bh1 Qe2 23. Bf3 Qb5 24. Rc5 Qb6 25. Ng5 Be6 26. Nxe6 fxe6 27. Rac1 h6 28. Nc4 Qa7 29.
Nxe5 Nxe5 30. Qxe5 Rxc5 31. Qxe6+ Kh8 32. Rxc5 Nb6 33.
Rc7 1-0

[Event "Early-Titled-Tuesday-Blitz-October-03-2023"]
[Site "Chess.com"]
[Date "2023.10.03"]
[Round "4"]
[White "Beca95"]
[Black "sofaceindisguise"]
[Result "1-0"]
[WhiteElo "3027"]
[BlackElo "2779"]
[TimeControl "180+1"]
[EndTime "8:38:49 PDT"]
[Termination "Beca95 won by resignation"]

1. d4 Nf6 2. Nf3 e6 3. Bg5 c5 4. d5 d6 5. Nc3 a6 6. e4 Be7 7. a4 O-O 8. Bc4 exd5 9. Bxf6 Bxf6 10. Bxd5 Nc6 11. O-O Bg4 12. h3 Bh5 13. Re1 Rb8 14.
g4 Bg6 15. Qd2 Nd4 16. Nxd4 Bxd4 17. Rab1 b5 18. axb5 axb5 19. Ne2 Qh4 20. Nxd4 cxd4 21. Kg2 h5 22. f3 Rfc8 23. Rbc1 Qf6 24. Red1 d3 25. c3 b4 26. c4 b3 27. Rc3 Qe5 28.
Rxd3 h4 29. Qf2 Rb4 30. Rc3 Rbb8 31. f4 Bxe4+ 32. Kh2 Qe7 33. Re1 Qf6 34. Bxe4 d5 35. Bxd5 Qxc3 36. bxc3 b2 37. Rb1 Re8 38. Rxb2 Re2 39.
Qxe2 Re8 40. Qxe8+ 1-0

[Event "Early-Titled-Tuesday-Blitz-October-03-2023"]
[Site "Chess.com"]
[Date "2023.10.03"]
[Round "4"]
[White "Sanyura"]
[Black "NLLO777"]
[Result "1-0"]
[WhiteElo "2658"]
[BlackElo "2393"]
[TimeControl "180+1"]
[EndTime "8:38:49 PDT"]
[Termination "Sanyura won by resignation"]

1. e4 c5 2. Nf3 d6 3. d4 cxd4 4.
Nxd4 Nf6 5. Nc3 a6 6. h3 e5 7.
Nde2 h5 8. Bg5 Be6 9. g3 Nbd7 10.
Bg2 Be7 11. O-O Rc8 12. a4 O-O 13. Be3 Qc7 14. f4 Nb6 15. f5 Nc4 16. Bf2 Bd7 17. b3 Na5 18. g4 d5 19. g5 Nxe4 20. Nxd5 Nxf2 21. Nxe7+ Kh8 22. Rxf2 Rce8 23. Nf4 Bxf5 24. Qxh5+ Bh7 25. Nfg6+ fxg6 26. Nxg6+ Kg8 27. Bd5+ 1-0

[Event "Early-Titled-Tuesday-Blitz-October-03-2023"]
[Site "Chess.com"]
[Date "2023.10.03"]
[Round "4"]
[White "Elbebiber"]
[Black "ajedrez-facil"]
[Result "0-1"]
[WhiteElo "2140"]
[BlackElo "2279"]
[TimeControl "180+1"]
[EndTime "8:38:52 PDT"]
[Termination "ajedrez-facil won by checkmate"]

1. f4 d5 2. Nf3 c5 3. e3 Nc6 4.
Bb5 Bd7 5. b3 a6 6. Bxc6 Bxc6 7.
Ne5 Qc7 8. Bb2 Nf6 9. O-O e6 10. d3 Be7 11. Nd2 Rd8 12. Ndf3 b5 13. Qe2 Bb7 14. a4 b4 15. Rad1 a5 16. g3 Ba6 17.
Rfe1 Kf8 18. Qf2 Nd7 19. Nxd7+ Rxd7 20. Ne5 Rd8 21. e4 Bf6 22. exd5 Rxd5 23. Ba1 Ke7 24. Re3 Rhd8 25. Rde1 Bb7 26. R3e2 Bxe5 27. Rxe5 Qc6 28. Rxd5 Qxd5 29. Kf1 g6 30. Re5 Qh1+ 31. Qg1 Qf3+ 32. Qf2 Qd1+ 33. Re1 Qg4 34. Qxc5+ Kd7 35. Be5 Qf3+ 36.
Qf2 Qh1+ 37. Qg1 Qd5 38. Qe3 Qg2# 0-1

[Event "Early-Titled-Tuesday-Blitz-October-03-2023"]
[Site "Chess.com"]
[Date "2023.10.03"]
[Round "4"]
[White "LUISMIGUELOV"]
[Black "spotbet"]
[Result "0-1"]
[WhiteElo "2156"]
[BlackElo "2435"]
[TimeControl "180+1"]
[EndTime "8:38:53 PDT"]
[Termination "spotbet won on time"]

1. d4 f5 2. e4 fxe4 3. Nc3 Nf6 4. Bg5 Nc6 5. d5 Ne5 6. Bxf6 exf6 7. Nxe4 Bb4+ 8. c3 Ba5 9. Qh5+ Nf7 10. Bd3 d6 11. O-O-O g6 12. Qe2 O-O 13. Nf3 Ne5 14. Nxe5 fxe5 15.
f3 Bf5 16. h4 Bb6 17. Kb1 Bxe4 18.
Bxe4 Qf6 19. h5 g5 20. h6 Kh8 21. g4 Qf4 22. Qd3 Rf7 23. Rh5 Re8 24. a3 Ree7 25. Rf1 Rf6 26. Rd1 Qe3 27. Qxe3 Bxe3 28.
Kc2 Kg8 29. Kd3 Bf4 30. Bf5 Rxf5 31. gxf5 Kf7 32. Ke4 Kf6 33. c4 b6 34. b4 Re8 35.
Rhh1 Ra8 36. Ra1 a5 37. Rhb1 Bd2 38. Kd3 Bf4 39. Ke4 Bd2 40. Ra2 Bc3 41. Rc2 axb4 42.
axb4 Bd4 43. Rg2 Ra3 44. Re2 Rc3 45. c5 bxc5 46. bxc5 Bxc5 47. Rb7 Bb6 48. Rxb6 cxb6 49. Rb2 Rc4+ 50. Kd3 Rd4+ 51. Ke3 Rxd5 52. Rxb6 Kxf5 53.
Rb7 Kg6 54. Rg7+ Kxh6 55. Rg8 Rd4 0-1

[Event "Early-Titled-Tuesday-Blitz-October-03-2023"]
[Site "Chess.com"]
[Date "2023.10.03"]
[Round "4"]
[White "BilodeauA"]
[Black "djano"]
[Result "1-0"]
[WhiteElo "2912"]
[BlackElo "2662"]
[TimeControl "180+1"]
[EndTime "8:38:55 PDT"]
[Termination "BilodeauA won by resignation"]

1. d4 d5 2. Nc3 Nc6 3. Bf4 e5 4. dxe5 d4 5. Ne4 Qd5 6. Ng3 Nxe5 7.
e4 Bb4+ 8. c3 dxc3 9. exd5 Bg4 10. Qa4+ Nc6 11. bxc3 Bxc3+ 12. Bd2 Bxa1 13. dxc6 b5 14.
Qxg4 Nf6 15. Qe2+ Kf8 16. Bb4+ Kg8 17. Nf5 g6 18. Qd1 Be5 19. Nf3 Re8 20. Ne7+ Rxe7 21. Bxe7 Bc3+ 22. Ke2 Kg7 23. Qb3 b4 24. Ng5 Re8 25.
Qxf7+ 1-0